 Dungeon Crawl Stone Soup version 0.27.1-33-g824d729ab1 (webtiles) character file.

Game seed: 3921716944783498870

91699 demibob the Severer (level 16, -3/107 HPs)
             Began as a Tengu Gladiator on Dec 8, 2021.
             Was the Champion of Kikubaaqudgha.
             Succumbed to a death drake's dark miasma
             ... in a Gauntlet.
             The game lasted 01:10:23 (27423 turns).

demibob the Severer (Tengu Gladiator)              Turns: 27423, Time: 01:10:24

Health: -3/107     AC: 17    Str: 20    XL:     16   Next: 4%
Magic:  4/24       EV: 20    Int: 12    God:    Kikubaaqudgha [******]
Gold:   808        SH:  0    Dex: 19    Spells: 14/25 levels left

rFire    . . .     SeeInvis .   a - +8 broad axe (pain)
rCold    . . .     Faith    .   (no shield)
rNeg     . . .     Spirit   .   G - +1 ring mail of New Discoveries {Str+2 Int+3}
rPois    .         Reflect  .   O - +1 hat
rElec    .         Harm     .   g - +0 cloak
rCorr    .         Rampage  .   E - +1 pair of gloves
Will     +++..     NoTele   +   (boots unavailable)
Stlth    +.........             K - amulet "Weleovof" {Acrobat Will++}
HPRegen  0.27/turn              Y - +4 ring of slaying
MPRegen  0.19/turn              T - +4 ring of protection

@: lethally poisoned (-3 -> -38), flying quickly and evasively, slowed, studying
Fighting, very slow
A: beak, talons 3, nimble flight
a: Renounce Religion, Receive Corpses, Torment


You were in a Gauntlet.
You worshipped Kikubaaqudgha.
Kikubaaqudgha was exalted by your worship.
You visited 4 branches of the dungeon, and saw 24 of its levels.
You also visited: Sewer and Gauntlet.

You collected 2748 gold pieces.
You spent 1940 gold pieces at shops.


Innate Abilities, Weirdness & Mutations

You have a beak for a mouth.
You have claws for feet.
Your magical nature lets you fly swiftly and evasively.


   Skills:
 + Level 14.8 Fighting
 + Level 17.8 Axes
 - Level 2.0 Throwing
 - Level 10.1 Armour
 - Level 10.0 Dodging
 + Level 5.0 Shields
 - Level 5.0 Spellcasting
 + Level 11.8 Necromancy


You had 14 spell levels left.
You knew the following spells:

 Your Spells              Type           Power      Damage    Failure   Level
a - Animate Skeleton      Necr           62%        N/A       1%          1
d - Death Channel         Necr           15%        N/A       36%         6
n - Dispel Undead         Necr           31%        3d14      2%          4

Your spell library contained the following spells:

 Spells                   Type           Power      Damage    Failure   Level
 Pain                     Necr           100%       1d9       1%          1
 Sublimation of Blood     Necr           15%        N/A       1%          2
 Vampiric Draining        Necr           15%        2d8       1%          3
 Animate Dead             Necr           15%        N/A       2%          4
 Corpse Rot               Necr/Air       N/A        N/A       4%          2
 Agony                    Necr           31%        N/A       7%          5
 Excruciating Wounds      Necr           15%        N/A       7%          5
 Apportation              Tloc           6%         N/A       30%         1
 Corona                   Hex            3%         N/A       30%         1
 Magic Dart               Conj           12%        1d3       30%         1
 Summon Small Mammal      Summ           12%        N/A       30%         1
 Blink                    Tloc           N/A        N/A       41%         2
 Ensorcelled Hibernation  Hex/Ice        6%         N/A       41%         2
 Poisonous Vapours        Pois/Air       6%         N/A       41%         2
 Searing Ray              Conj           6%         3d3       41%         2
 Slow                     Hex            3%         N/A       41%         2
 Static Discharge         Conj/Air       3%         N/A       41%         2
 Wereblood                Tmut           3%         N/A       41%         2
 Borgnjor's Vile Clutch   Necr/Erth      8%         N/A       58%         5
 Call Canine Familiar     Summ           3%         N/A       65%         3
 Confusing Touch          Hex            3%         N/A       65%         3
 Frozen Ramparts          Ice            6%         1d2       65%         3
 Gell's Gravitas          Tloc           1%         N/A       65%         3
 Summon Guardian Golem    Hex/Summ       3%         N/A       65%         3
 Teleport Other           Tloc           3%         N/A       65%         3
 Tukima's Dance           Hex            3%         N/A       65%         3
 Cause Fear               Hex            1%         N/A       96%         4
 Fulminant Prism          Conj/Hex       1%         3d6       96%         4
 Ice Form                 Ice/Tmut       3%         N/A       96%         4
 Summon Ice Beast         Ice/Summ       3%         N/A       96%         4
 Simulacrum               Ice/Necr       8%         N/A       99%         6
 Freezing Cloud           Conj/Ice/Air   1%         6-21      100%        5
 Lightning Bolt           Conj/Air       1%         1d12      100%        5
 Manifold Assault         Tloc           3%         N/A       100%        5
 Dispersal                Tloc           1%         N/A       100%        6
 Dragon Form              Tmut           1%         N/A       100%        7
 Storm Form               Tmut/Air       1%         N/A       100%        7
 Summon Hydra             Summ           1%         N/A       100%        7
 Maxwell's Capacitive Co  Air            1%         ∞         100%        8
 Dragon's Call            Summ           1%         N/A       100%        9

Inventory:

Hand Weapons
 a - a +8 broad axe of pain (weapon)
 b - the +10 war axe of Buymoes {flame, *Noise +Rage rN+ Int+4}
   (You bought it in a shop on level 2 of the Dungeon)

   It burns those it strikes, dealing additional fire damage.
   Big, fiery blades are also staple armaments of hydra-hunters.
   Int:       It affects your intelligence (+4).
   rN:        It protects you from negative energy.
   +Rage:     It lets you go berserk.
   *Noise:    It may make noises in combat.
 J - the +10 dark maul {vorpal}
   (You found it on level 1 of the Orcish Mines)

   It inflicts extra damage upon your enemies.
Missiles
 d - 6 throwing nets {=f}
 h - 77 poisoned darts (quivered)
 y - 10 curare-tipped darts {=f}
Armour
 g - a +0 cloak (worn)
 z - a +0 kite shield of reflection
 E - a +1 pair of gloves (worn)
 G - the +1 ring mail of New Discoveries (worn) {Str+2 Int+3}
   (You found it on level 3 of the Lair of Beasts)

   Str:       It affects your strength (+2).
   Int:       It affects your intelligence (+3).
 O - a +1 hat (worn)
Magical Staves
 P - a staff of air {!a}
Jewellery
 c - the ring of Xoreon {Will+ Dex+5}
   (You found it in a Gauntlet)

   [ring of willpower]

   Dex:       It affects your dexterity (+5).
   Will:      It increases your willpower.
 C - a ring of ice
 K - the amulet "Weleovof" (around neck) {Acrobat Will++}
   (You bought it in a shop on level 12 of the Dungeon)

   [amulet of the acrobat]

   It increases your evasion while moving and waiting.
   Will:      It greatly increases your willpower.
 R - a ring of resist corrosion
 T - a +4 ring of protection (right hand)
 Y - a +4 ring of slaying (left hand)
 Z - a ring of wizardry
Wands
 m - a wand of mindburst (19)
 p - a wand of polymorph (8)
 r - a wand of acid (13)
 w - a wand of digging (2)
 A - a wand of iceblast (28)
 N - a wand of flame (19)
Scrolls
 l - 4 scrolls of teleportation {@r2}
 n - 4 scrolls of fear
 t - 4 scrolls of enchant armour
 v - 9 scrolls of identify {@r1}
 x - 2 scrolls of amnesia
 B - a scroll of magic mapping
 D - a scroll of brand weapon
Potions
 e - 3 potions of invisibility
 f - 2 potions of brilliance
 i - a potion of haste {@q3}
 j - 3 potions of ambrosia
 k - 4 potions of cancellation
 q - 5 potions of degeneration
 s - a potion of berserk rage {!q}
 F - a potion of attraction
 H - a potion of resistance
 I - a potion of heal wounds {@q2}
 M - 2 potions of might
Miscellaneous
 L - a box of beasts

Dungeon Overview and Level Annotations

Branches:
Dungeon (15/15)            Temple (1/1) D:6            Lair (6/6) D:10
  Swamp (0/4) Lair:3        Snake (0/4) Lair:3        Slime (0/5) Lair:5
    Orc (2/2) D:10            Elf (0/3) Orc:2        Vaults (0/5) D:14
 Depths (0/5) D:15          Sewer (visited)         Gauntlet (1/1)

Altars:
Ashenzari
Cheibriados
Dithmenos
Elyvilon
Fedhas
Gozag
Hepliaklqana
Kikubaaqudgha
Makhleb
Nemelex Xobeh
Okawaru
Qazlal
Ru
Sif Muna
Trog
Uskayaw
Vehumet
Wu Jian
Xom
Yredelemnul
Zin
The Shining One

Shops:
D:2 :((*   D:9 ?[   D:12 =   Orc:2 :

Annotations:
D:8 1 runed translucent door, Adrian566's ghost, novice TrMo
Lair:5 3 runed translucent doors, exclusion: oklob plant, pkoi's ghost, journeyman DrGl
Orc:1 2 transporters, tylerjbraun's ghost, journeyman NaFi
Orc:2 Saint Roka Gauntlet 10 transporters, 18 runed translucent doors

▓. ▓. ▓.▓ ▓▓.▓▓▓.▓▓▓.▓▓▓▓▓
............§.§▓
8.8.8.8.8°8°8§8 ▒▒▒
.........°°°°°≈ ▒8▒
▒▒▒▒▒▒.▒▒▒▒▒▒▒▒▒Z▒▒▒▒▒▒▒▒▒▒
.....▒.▒..≈§≈§.▒k▒.......§▒
.....▒©▒...§§..▒@▒.......§▒▒▒
▒▒▒▒▒▒▒▒▒▒..§▒▒▒▒▒▒▒▒▒▒▒..▒8▒
.........▒...▒...▒.▒...▒..▒▒▒
5.▒░.░▒..▒...▒..▒...▒..▒....▒
.▒..░..▒5▒...▒?▒▒.°.▒▒.▒....▒▒▒
.░..░..░p▒...▒?°▒▒.▒..▒▒▒▒..▒8▒
5.░░░░░.5▒...▒°°▒.©....▒©▒..▒▒▒
5░.©░..░5▒...▒.°▒▒.▒..▒▒.▒..▒
5▒..░..▒=▒...▒°▒▒...▒▒.▒.▒..▒▒▒


You could see a death drake and a redback zombie.


Message History

You slash the death drake!
The death drake writhes in agony!
The death drake is heavily wounded.
The death drake breathes miasma at you. The foul vapour misses you.
The death drake bites you but does no damage.
You completely miss the death drake.
The death drake is heavily wounded.
You are engulfed in dark miasma.
You are poisoned.
You feel as though you will be slow longer.
* * * LOW HITPOINT WARNING * * *
x2 You feel very sick.
The death drake bites you but does no damage.
Okay, then.
Okay, then.
Press: ? - help, v - describe, . - travel A transporter landing site.
There is a cloud of foul pestilence here.
Press: ? - help, v - describe, . - travel
Here: a death drake (foul pestilence, heavily wounded)
The floor, spattered with blood.
You hit the death drake but do no damage.
The death drake writhes in agony!
Your kick misses the death drake.
The death drake is severely wounded.
You are engulfed in dark miasma.
You are lethally poisoned!
You feel as though you will be slow longer.
* * * LOW HITPOINT WARNING * * *
You die...
Kikubaaqudgha rasps: "You have failed me!
Welcome... death!"

Skill      XL: |  1  2  3  4  5  6  7  8  9 10 11 12 13 14 15 16 |
---------------+-------------------------------------------------+-----
Axes           | 4 5 6 7 8 10 12 14 16 17 | 17.8
Armour         | 1 3 5 7 9 10 | 10.1
Dodging        | 4 8 10 | 10.0
Necromancy     | 4 9 10 11 | 11.8
Fighting       | 3 8 11 12 14 | 14.8
Spellcasting   | 1 5 |  5.0
Shields        | 4 5 |  5.0
Throwing       | |  2.0

Action                   |  1- 3 |  4- 6 |  7- 9 | 10-12 | 13-15 | 16-18 || total
-------------------------+-------+-------+-------+-------+-------+-------++-------
Melee: War axe           |    47 |    61 |   150 |   356 |   434 |       ||  1048
       Kick              |    15 |    11 |    36 |   107 |   301 |     6 ||   476
       Peck              |     3 |    10 |    22 |    88 |   199 |     3 ||   325
       Broad axe         |       |       |       |       |   277 |    14 ||   291
Throw: Dart              |       |     4 |       |     7 |     9 |       ||    20
       Throwing net      |       |     1 |       |       |       |       ||     1
 Cast: Dispel Undead     |       |       |       |       |    10 |     6 ||    16
Invok: Brand Weapon With |       |       |       |       |     1 |       ||     1
Evoke: Wand              |       |       |     4 |    13 |    19 |       ||    36
  Use: Potion            |       |     2 |       |     3 |     6 |     1 ||    12
       Scroll            |       |     2 |     8 |    12 |    11 |     2 ||    35
 Stab: Invisible         |       |       |       |       |     1 |       ||     1
Armor: Leather armour    |     1 |       |       |       |       |       ||     1
       Ring mail         |    12 |    19 |     2 |    56 |   188 |    12 ||   289
       Skin              |       |    13 |       |       |       |       ||    13
       Chain mail        |       |       |    57 |    13 |       |       ||    70
Dodge: Dodged            |    29 |    27 |    58 |   178 |   519 |    13 ||   824
Block: Kite shield       |       |       |       |       |     9 |       ||     9

Levels and vault maps discovered:
D:1:      lemuel_arrival_cross, layout_rooms, minmay_hexomino_u4
D:2:      layout_loops_ring, serial_shops, nicolae_diamond_shop,
          nicolae_shop_stone, shop, nicolae_shop_trees
D:3:      layout_rooms, xom_teletrap_fun, grunt_temple_overflow_gold_and_silver
D:4:      layout_rooms, old_standard_altar, grunt_ministairs_11
D:5:      layout_rooms, gup_sewer_entry_spiral
D:6:      layout_loops_ring, minmay_temple_entry_large_hall
D:7:      layout_cave_pods, minmay_crystal_water
D:8:      layout_basic, lemuel_tele_altar, serial_rivers,
          chequers_serial_rivers_micro_e, chequers_serial_rivers_small_a,
          chequers_serial_rivers_room_b, chequers_serial_rivers_marsh,
          ebering_ghost_funeral_grove, minmay_misc_feat_rugged
D:9:      layout_roguey, amcnicky_altar_gilded, mainiacjoe_overflow_alcove_1,
          mainiacjoe_overflow_alcove_4, serial_shops, shop_statue,
          nicolae_shop_trees
D:10:     layout_basic, nicolae_qazlal_style_of_elements, trog_hazing_becter,
          mainiacjoe_overflow_24_doors, slow_altar_2, uniq_grum, uniq_maggie
D:11:     layout_long_grid, uniq_fannar
D:12:     layout_long_grid, serial_shops, shop
D:13:     layout_rooms
D:14:     argonaut_augean_stables, layout_stronghold, david_vaults_1,
          kennysheep_boxes, eino_curves_02, vehumet_altar_wand_db
D:15:     hangedman_depths_entry_try_elsewhere_first, layout_small_grid,
          gauntlet_entry_generic
Temple:   jpeg_temple_alley_garden
Lair:1:   layout_chaotic_city, grunt_megastairs_5, uniq_sonja
Lair:2:   layout_loops_ring
Lair:3:   layout_chaotic_city, minmay_swamp_entry_reptiles,
          minmay_snake_entry_six_corridors, beast_lair_carwin_6,
          serial_bayou_shore_a, infiniplex_staircase_pool_2
Lair:4:   layout_roguey, kennysheep_basilisk_garden
Lair:5:   layout_gridlike, slime_dummy, gammafunk_ghost_split
Lair:6:   grunt_lair_end_beastmaster, layout_hall_layers, columned_hall_lemuel
Orc:1:    layout_caves, gammafunk_ghost_berserking_beasts, basic_altar,
          hellmonk_guarded_unrand_dark_maul
Orc:2:    kennysheep_orc_mage_school, layout_caves, serial_shops,
          nicolae_diamond_shop, basic_altar, nicolae_orc_lava_tube,
          uniq_saint_roka, uniq_donald
Gauntlet: gammafunk_gauntlet_branching [gammafunk_gauntlet_arena_open,
          nicolae_gauntlet_arena_x, nicolae_gauntlet_swirl,
          gammafunk_gauntlet_arena_arrow_garden,
          minmay_gauntlet_arena_make_your_own_arena,
          gammafunk_gauntlet_arena_mazey, gammafunk_gauntlet_arena_chambers,
          nicolae_gauntlet_arena_quarters, gauntlet_exit_watery]

Notes
Turn   | Place    | Note
-------+----------+-------------------------------------------
     0 | D:1      | demibob the Tengu Gladiator began the quest for the Orb.
     0 | D:1      | Reached XP level 1. HP: 12/12 MP: 2/2
   298 | D:1      | Reached XP level 2. HP: 17/17 MP: 3/3
   671 | D:1      | Reached skill level 4 in Axes
   739 | D:1      | Reached XP level 3. HP: 16/21 MP: 4/4
   740 | D:1      | Reached skill level 1 in Armour
   959 | D:2      | Found Rayplaog's Antique Weapon Boutique.
  1062 | D:2      | Found Vionupla's Book Boutique.
  1344 | D:2      | Reached XP level 4. HP: 26/26 MP: 5/5
  1489 | D:2      | Found Doliopso's Weapon Shop.
  1490 | D:2      | Found Itefah's Assorted Antiques.
  1983 | D:3      | Reached skill level 5 in Axes
  1983 | D:3      | Gained mutation: Your magical nature lets you fly swiftly
                  | and evasively. [Tengu growth]
  1983 | D:3      | Reached XP level 5. HP: 16/31 MP: 6/6
  2234 | D:3      | Found a shimmering altar of Xom.
  2263 | D:3      | Found an opulent altar of Gozag.
  2263 | D:3      | Found a glowing silver altar of Zin.
  2291 | D:4      | Noticed a black bear
  2529 | D:4      | Noticed an ogre
  2534 | D:4      | Killed an ogre
  2535 | D:4      | Reached skill level 6 in Axes
  2535 | D:4      | Reached XP level 6. HP: 36/36 MP: 7/7
  2604 | D:4      | Reached skill level 4 in Dodging
  2687 | D:4      | Reached skill level 7 in Axes
  2755 | D:2      | Bought a transparent war axe for 144 gold pieces
  2755 | D:2      | Identified the +10 war axe of Buymoes {flame, *Noise +Rage
                  | rN+ Int+4} (You bought it in a shop on level 2 of the
                  | Dungeon)
  2805 | D:4      | Killed a black bear
  2806 | D:4      | Reached XP level 7. HP: 34/40 MP: 8/8
  3253 | D:4      | Found a burning altar of Makhleb.
  3328 | D:5      | Entered Level 5 of the Dungeon
  3333 | D:5      | Reached skill level 2 in Armour
  3337 | D:5      | Reached skill level 8 in Axes
  3353 | D:5      | Reached skill level 3 in Armour
  3359 | D:4      | Reached XP level 8. HP: 21/45 MP: 9/9
  3614 | D:5      | Reached skill level 9 in Axes
  3880 | D:5      | Reached skill level 4 in Armour
  3936 | D:5      | Found a glowing drain.
  3941 | Sewer    | Entered a sewer
  4033 | Sewer    | Noticed Purgy
  4035 | Sewer    | Killed Purgy
  4592 | D:6      | Found a staircase to the Ecumenical Temple.
  4602 | Temple   | Entered the Ecumenical Temple
  4670 | Temple   | Became a worshipper of Kikubaaqudgha
  4946 | D:6      | Reached skill level 10 in Axes
  5397 | D:7      | Reached skill level 5 in Armour
  5512 | D:7      | Reached XP level 9. HP: 49/49 MP: 10/10
  5599 | D:7      | Reached skill level 11 in Axes
  5632 | D:7      | Reached skill level 6 in Armour
  6536 | D:8      | Found a runed translucent door.
  6537 | D:8      | Identified the +2 trident "Spiderbane" {protect, rCorr}
  6537 | D:8      | Noticed a polar bear
  6538 | D:8      | Noticed Adrian566's ghost (novice TrMo)
  6591 | D:8      | Reached * piety under Kikubaaqudgha
  6591 | D:8      | Received a gift from Kikubaaqudgha
  6605 | D:8      | Learned a level 1 spell: Animate Skeleton
  6695 | D:8      | Noticed a salamander
  6700 | D:8      | a salamander changed into a spriggan
  6796 | D:8      | Found a shadowy altar of Dithmenos.
  6874 | D:8      | Reached skill level 7 in Armour
  6875 | D:8      | Reached skill level 12 in Axes
  7035 | D:8      | Reached XP level 10. HP: 55/55 MP: 11/11
  7409 | D:9      | Found Ecrityup's Antique Armour Shop.
  7602 | D:9      | Bought a polished ring mail for 270 gold pieces
  7602 | D:9      | Identified the +0 ring mail of Living Miracles {Str+2
                  | Int+2} (You bought it in a shop on level 9 of the Dungeon)
  7685 | D:9      | Found Amudghoa's Magic Scroll Boutique.
  7690 | D:9      | Bought a scroll of identify for 28 gold pieces
  7690 | D:9      | Bought a scroll of identify for 28 gold pieces
  7690 | D:9      | Bought a scroll of identify for 28 gold pieces
  7690 | D:9      | Bought a scroll of identify for 28 gold pieces
  7707 | D:9      | Reached ** piety under Kikubaaqudgha
  7709 | D:9      | Found an iron altar of Okawaru.
  7799 | D:9      | Found an ornate altar of the Wu Jian Council.
  7920 | D:9      | Identified the +4 quarterstaff "Ruipiatt" {vorpal, rCorr}
  7944 | D:9      | Reached skill level 8 in Armour
  7996 | D:9      | Reached skill level 13 in Axes
  8083 | D:9      | Noticed a cyclops
  8087 | D:9      | Killed a cyclops
  8252 | D:9      | Found a glowing golden altar of the Shining One.
  8410 | D:10     | Entered Level 10 of the Dungeon
  8438 | D:10     | Noticed Grum
  8444 | D:10     | Killed Grum
  8451 | D:10     | Reached skill level 9 in Armour
  8650 | D:10     | Noticed a kobold demonologist
  8657 | D:10     | Killed a kobold demonologist
  8658 | D:10     | Reached skill level 14 in Axes
  8659 | D:10     | Noticed a two-headed ogre
  8665 | D:10     | Killed a two-headed ogre
  8666 | D:10     | Reached XP level 11. HP: 59/59 MP: 12/12
  8685 | D:10     | Found a stormy altar of Qazlal.
  8742 | D:10     | Found a staircase to the Orcish Mines.
  8780 | D:10     | Noticed a centaur warrior
  8794 | D:10     | Killed a centaur warrior
  8945 | D:10     | Found a bloodstained altar of Trog.
  9029 | D:10     | Found a broken altar of Ashenzari.
  9094 | D:10     | Noticed Maggie
  9102 | D:10     | Killed Maggie
  9143 | D:10     | Reached skill level 10 in Armour
  9147 | D:10     | Reached skill level 15 in Axes
  9199 | D:10     | Reached *** piety under Kikubaaqudgha
  9199 | D:10     | Received a gift from Kikubaaqudgha
  9276 | D:10     | Found a snail-covered altar of Cheibriados.
  9323 | D:10     | Found a staircase to the Lair.
  9437 | Lair:1   | Entered Level 1 of the Lair of Beasts
  9487 | Lair:1   | Reached skill level 1 in Necromancy
  9499 | Lair:1   | Reached skill level 2 in Necromancy
  9557 | Lair:1   | Noticed Sonja
  9562 | Lair:1   | Noticed Sonja
  9562 | Lair:1   | Sonja changed into Sonja the dream sheep
  9565 | Lair:1   | Killed Sonja the dream sheep
  9609 | Lair:1   | Reached skill level 3 in Necromancy
 10237 | Lair:1   | Reached skill level 4 in Necromancy
 10249 | Lair:1   | Reached skill level 16 in Axes
 10355 | Lair:1   | Reached skill level 3 in Fighting
 10645 | Lair:2   | Reached XP level 12. HP: 64/64 MP: 13/13
 10661 | Lair:2   | Reached skill level 5 in Necromancy
 10754 | Lair:2   | Reached **** piety under Kikubaaqudgha
 10755 | Lair:2   | Reached skill level 4 in Fighting
 11314 | Lair:3   | Noticed a five-headed hydra
 11322 | Lair:3   | Killed a two-headed hydra
 11323 | Lair:3   | Reached skill level 6 in Necromancy
 11388 | Lair:3   | Found a staircase to the Snake Pit.
 11392 | Lair:3   | Reached skill level 5 in Fighting
 11415 | Lair:3   | Reached skill level 7 in Necromancy
 11593 | Lair:3   | Reached skill level 6 in Fighting
 11947 | Lair:3   | Reached skill level 8 in Necromancy
 11958 | Lair:3   | Reached skill level 7 in Fighting
 12106 | Lair:3   | Found a staircase to the Swamp.
 12224 | Lair:3   | Identified the +1 ring mail of New Discoveries {Str+2
                  | Int+3}
 12708 | Lair:4   | Noticed a boulder beetle
 12744 | Lair:4   | Killed a boulder beetle
 12745 | Lair:4   | Reached skill level 9 in Necromancy
 13046 | Lair:4   | Reached skill level 8 in Fighting
 13049 | Lair:4   | Reached XP level 13. HP: 46/78 MP: 14/14
 13789 | Lair:4   | Reached ***** piety under Kikubaaqudgha
 14165 | Lair:5   | Reached skill level 10 in Necromancy
 14172 | Lair:5   | Reached skill level 9 in Fighting
 14495 | Lair:5   | Reached skill level 5 in Dodging
 14728 | Lair:5   | Reached skill level 10 in Fighting
 14744 | Lair:5   | Reached skill level 6 in Dodging
 14821 | Lair:5   | Noticed pkoi's ghost (journeyman DrGl)
 14885 | Lair:5   | Found a runed translucent gate.
 14886 | Lair:5   | Found a runed translucent gate.
 14887 | Lair:5   | Found a runed translucent gate.
 14894 | Lair:5   | Found a staircase to the Slime Pits.
 15231 | Lair:6   | Entered Level 6 of the Lair of Beasts
 15368 | Lair:6   | Reached skill level 7 in Dodging
 15810 | Lair:6   | Reached skill level 8 in Dodging
 15815 | Lair:6   | Reached skill level 11 in Fighting
 15838 | Lair:6   | Learned a level 4 spell: Dispel Undead
 16084 | Lair:6   | Reached skill level 1 in Spellcasting
 16084 | Lair:6   | Reached XP level 14. HP: 75/90 MP: 14/16
 16212 | Lair:6   | Reached skill level 2 in Spellcasting
 16465 | Lair:6   | Reached skill level 9 in Dodging
 16542 | Lair:6   | Noticed a dire elephant
 17111 | Lair:6   | Reached skill level 3 in Spellcasting
 17196 | Lair:6   | Killed a dire elephant
 18253 | Lair:6   | Reached skill level 4 in Spellcasting
 18268 | Lair:6   | Reached skill level 12 in Fighting
 18300 | Lair:6   | Identified the +4 mace "Pampeun" {flame, Int+2}
 18803 | D:2      | Bought a manual of Fighting for 960 gold pieces
 19230 | D:11     | Noticed Fannar
 19242 | D:11     | Killed Fannar
 19243 | D:11     | Reached skill level 10 in Dodging
 19602 | D:11     | Identified a potion of resistance
 19879 | Orc:1    | Entered Level 1 of the Orcish Mines
 20030 | Orc:1    | Found a transporter.
 20032 | Orc:1    | Noticed tylerjbraun's ghost (journeyman NaFi)
 20068 | Orc:1    | Found a transporter.
 20095 | Orc:1    | Reached ****** piety under Kikubaaqudgha
 20245 | Orc:1    | Noticed a stone giant
 20269 | Orc:1    | Killed a stone giant
 20361 | Orc:1    | Noticed a stone giant
 20364 | Orc:1    | Reached skill level 5 in Spellcasting
 20561 | Orc:1    | Killed a stone giant
 20915 | Orc:1    | >>yo what
 20915 | Orc:1    | >>wielding dark maul
 20915 | Orc:1    | >>da fuck lol
 20925 | Orc:1    | Reached XP level 15. HP: 97/97 MP: 23/23
 21080 | Orc:1    | Reached skill level 13 in Fighting
 21080 | Orc:1    | Reached skill level 17 in Axes
 21344 | Orc:1    | Identified a +8 broad axe of pain (a +6 broad axe of
                  | flaming bloodied by Kikubaaqudgha)
 21344 | Orc:1    | Received a gift from Kikubaaqudgha
 21548 | Orc:2    | Entered Level 2 of the Orcish Mines
 21784 | Orc:2    | Found a staircase to the Elven Halls.
 21805 | Orc:2    | Noticed Donald
 21818 | Orc:2    | Killed Donald
 22201 | Orc:2    | Learned a level 6 spell: Death Channel
 22308 | Orc:2    | Paralysed by an orc sorcerer for 7 turns
 22597 | Orc:2    | Paralysed by an orc sorcerer for 6 turns
 22607 | Orc:2    | Reached skill level 1 in Shields
 23105 | Orc:2    | Noticed Saint Roka
 23114 | Orc:2    | Found a bloodstained altar of Trog.
 23128 | Orc:2    | Found Omexkat's Book Emporium.
 23413 | D:12     | Found Fejogy's Jewellery Emporium.
 23594 | D:12     | Bought the amulet "Weleovof" {Acrobat Will++} for 454 gold
                  | pieces
 23690 | D:12     | Reached skill level 2 in Shields
 24267 | D:13     | Reached skill level 11 in Necromancy
 24542 | D:13     | Reached skill level 3 in Shields
 24757 | D:13     | Reached skill level 14 in Fighting
 25797 | D:14     | Found a gate to the Vaults.
 25842 | D:14     | Reached skill level 4 in Shields
 26158 | D:14     | Found a radiant altar of Vehumet.
 26817 | D:15     | Entered Level 15 of the Dungeon
 26854 | D:15     | Found a gate leading to a gauntlet.
 26861 | Gauntlet | Entered a Gauntlet
 26861 | Gauntlet | Found a transporter.
 26861 | Gauntlet | Found a transporter.
 26866 | Gauntlet | Found a transporter.
 26881 | Gauntlet | Found a transporter.
 26883 | Gauntlet | Found a large runed translucent door.
 26884 | Gauntlet | Found a large runed translucent door.
 26885 | Gauntlet | Found a large runed translucent door.
 26885 | Gauntlet | Found a large runed translucent door.
 26895 | Gauntlet | Found a transporter.
 26908 | Gauntlet | Found a transporter.
 26925 | Gauntlet | Found a transporter.
 26939 | Gauntlet | Found a large runed translucent door.
 26940 | Gauntlet | Found a large runed translucent door.
 26942 | Gauntlet | Found a runed translucent gate.
 26949 | Gauntlet | Noticed a balrug
 26997 | Gauntlet | Found a transporter.
 27012 | Gauntlet | Found a transporter.
 27024 | Gauntlet | Noticed a storm dragon
 27026 | Gauntlet | a storm dragon changed into a quicksilver ooze
 27028 | Gauntlet | Found a transporter.
 27040 | Gauntlet | Found a transporter.
 27128 | Gauntlet | Found a transporter.
 27130 | Gauntlet | Found a large runed translucent door.
 27131 | Gauntlet | Found a large runed translucent door.
 27132 | Gauntlet | Found a large runed translucent door.
 27132 | Gauntlet | Found a large runed translucent door.
 27132 | Gauntlet | Found a runed translucent door.
 27133 | Gauntlet | Found a large runed translucent door.
 27134 | Gauntlet | Found a large runed translucent door.
 27135 | Gauntlet | Found a large runed translucent door.
 27135 | Gauntlet | Found a large runed translucent door.
 27136 | Gauntlet | Found a runed translucent gate.
 27142 | Gauntlet | Found a transporter.
 27148 | Gauntlet | Found a transporter.
 27170 | Gauntlet | Found a transporter.
 27172 | Gauntlet | Found a runed translucent gate.
 27181 | Gauntlet | Found a transporter.
 27362 | Gauntlet | Reached XP level 16. HP: 107/107 MP: 24/24
 27369 | Gauntlet | Reached skill level 5 in Shields
 27375 | Gauntlet | Identified the ring of Xoreon {Will+ Dex+5}
 27423 | Gauntlet | HP: 5/107 [death drake] (7)]
 27423 | Gauntlet | Succumbed to a death drake's dark miasma

Vanquished Creatures
  Donald (Orc:2)
  A quicksilver ooze (shapeshifter) (Gauntlet)
  2 stone giants (Orc:1)
  A dire elephant (Lair:6)
  Fannar (D:11)
  2 boulder beetles
  9 hydras
  4 centaur warriors
  19 death yaks
  2 catoblepae
  2 death knights
  A deep troll shaman (Lair:6)
  2 tengu warriors
  6 two-headed ogres
  2 lindwurms (Lair:6)
  A deep elf zephyrmancer (D:14)
  4 orc knights
  A wolf spider (Orc:1)
  3 deep elf pyromancers (D:14)
  6 cyclopes
  3 orc sorcerers
  4 ugly things
  A manticore (D:12)
  8 black mambas
  16 elephants
  2 spectral centaurs (Gauntlet)
  2 gargoyles
  A water nymph (shapeshifter) (Gauntlet)
  Maggie (D:10)
  A torpor snail (Lair:5)
  11 cane toads
  3 rime drakes
  12 komodo dragons
  A kobold demonologist (D:10)
  3 tengu conjurers
  A troll (D:14)
  3 freezing wraiths
  3 polar bears
  5 blink frogs (Lair:6)
  8 slime creatures
  A snapping turtle (shapeshifter) (Gauntlet)
  A dream sheep (Lair:1)
  2 vampires
  A spriggan (shapeshifter) (D:8)
  A water elemental (D:14)
  2 wyverns (Lair:5)
  A shadow (D:12)
  6 wraiths
  Grum (D:10)
  43 yaks
  8 basilisks
  4 steam dragons
  3 wargs
  4 acid dragons
  30 water moccasins
  Purgy (Sewer)
  An ice beast (D:7)
  A hornet zombie (D:8)
  A swamp drake (Lair:3)
  19 orc warriors
  3 black bears
  6 ogres
  2 necrophages
  18 wolves
  10 centaurs
  3 phantoms
  A kobold brigand (D:8)
  12 bullfrogs
  A gnoll sergeant (D:13)
  3 scorpions
  A water moccasin zombie (D:3)
  A wyvern skeleton (D:5)
  9 killer bees
  4 howler monkeys
  9 electric eels
  3 wights (D:7)
  A bullfrog zombie (D:5)
  2 centaur zombies
  A jelly (D:5)
  5 hounds
  3 gnoll shamans
  11 orc priests
  An iron imp (D:10)
  A bullfrog skeleton (D:7)
  2 iguanas
  6 hell rats (Lair:6)
  17 orc wizards
  19 gnolls
  8 adders
  2 white imps
  2 dart slugs
  53 orcs
  7 ball pythons
  4 endoplasms
  4 giant cockroaches
  7 goblins
  12 hobgoblins
  11 jackals
  4 quokkas
  5 bats
  A frilled lizard (Sewer)
  18 kobolds
  9 rats
592 creatures vanquished.

Vanquished Creatures (others)
  An orc wizard (D:10)
  3 demonic plants (Gauntlet)
  53 fungi
  75 plants
  13 withered plants (Gauntlet)
145 creatures vanquished.

Grand Total: 737 creatures vanquished

Table legend: (Time is in decaauts)
 A = Elapsed time spent in this place.
 B = Non-inter-level travel time spent in this place.
 C = Inter-level travel time spent in this place.
 D = Time resting spent in this place.
 E = Time spent auto-exploring this place.
 F = Levels seen in this place.
 G = Mean time per level.
                   A        B        C        D        E       F      G
               +--------+--------+--------+--------+--------+-----+--------+
         Total |  25822 |  24328 |   1494 |   6846 |  13273 |  26 |  993.2 |
       Dungeon |  13787 |  12865 |    922 |   2982 |   7867 |  15 |  919.1 |
        Temple |    211 |    163 |     48 |      0 |    129 |   1 |  211.0 |
          Lair |   8421 |   7969 |    452 |   2754 |   3868 |   6 | 1403.5 |
  Orcish Mines |   2771 |   2701 |     70 |   1109 |   1075 |   2 | 1385.5 |
         Sewer |    121 |    121 |      0 |      0 |     96 |   1 |  121.0 |
      Gauntlet |    509 |    509 |      0 |      0 |    235 |   1 |  509.0 |
               +--------+--------+--------+--------+--------+-----+--------+

Top non-repeatable levels by time:
  Lair:6: 2183 daAuts
  Lair:5: 1612 daAuts
    D:14: 1606 daAuts
   Orc:1: 1562 daAuts
  Lair:4: 1556 daAuts
    D:10: 1463 daAuts
  Lair:3: 1311 daAuts
   Orc:2: 1209 daAuts
  Lair:1: 1137 daAuts
     D:7: 1070 daAuts
     D:8: 1033 daAuts
    D:11: 1017 daAuts
    D:12: 996 daAuts
     D:1: 908 daAuts
     D:2: 907 daAuts

Table legend:
 A = Non-vault XP
 B = Vault XP
 C = Vault XP percentage of total XP
 D = Non-vault monster count
 E = Vault monster count
 F = Vault count percentage of total count
                 A         B        C        D         E       F
            +---------+---------+-------+---------+---------+-------
      Total |   92237 |   38762 |  29.6 |     470 |     122 |  20.6
            +---------+---------+-------+---------+---------+-------
        D:1 |      30 |       9 |  23.1 |      18 |       5 |  21.7
        D:2 |      52 |       0 |   0.0 |      16 |       0 |   0.0
        D:3 |     101 |       0 |   0.0 |      15 |       0 |   0.0
        D:4 |     607 |      57 |   8.6 |      17 |       4 |  19.0
        D:5 |     834 |      19 |   2.2 |      25 |       5 |  16.7
        D:6 |     284 |       0 |   0.0 |       4 |       0 |   0.0
        D:7 |    1005 |       0 |   0.0 |      12 |       0 |   0.0
        D:8 |    1515 |       0 |   0.0 |      35 |       0 |   0.0
        D:9 |    2878 |       0 |   0.0 |      31 |       0 |   0.0
       D:10 |    4221 |    1568 |  27.1 |      24 |      12 |  33.3
       D:11 |    4246 |     986 |  18.8 |      12 |       1 |   7.7
       D:12 |    6275 |       0 |   0.0 |      25 |       0 |   0.0
       D:13 |    7133 |       0 |   0.0 |      15 |       0 |   0.0
       D:14 |   10349 |    6728 |  39.4 |      27 |      15 |  35.7
     Lair:1 |    4735 |     654 |  12.1 |      22 |       2 |   8.3
     Lair:2 |    1914 |       0 |   0.0 |      11 |       0 |   0.0
     Lair:3 |    5291 |    4513 |  46.0 |      19 |      22 |  53.7
     Lair:4 |    4124 |     762 |  15.6 |      12 |       4 |  25.0
     Lair:5 |   12132 |       0 |   0.0 |      32 |       0 |   0.0
     Lair:6 |   19299 |   10672 |  35.6 |      45 |      21 |  31.8
      Orc:1 |    2722 |    5756 |  67.9 |      26 |       7 |  21.2
      Orc:2 |    2490 |    3816 |  60.5 |      27 |      13 |  32.5
      Sewer |       0 |     144 | 100.0 |       0 |       6 | 100.0
   Gauntlet |       0 |    3078 | 100.0 |       0 |       5 | 100.0
            +---------+---------+-------+---------+---------+-------
